 Dungeon Crawl Stone Soup version 0.27.1-33-g824d729ab1 (webtiles) character file.

Game seed: 1581090545055071843

32 solopath the Insei (level 3, 23/23 HPs)
             Began as an Octopode Transmuter on Dec 6, 2021.
             Was a Follower of Trog.
             Quit the game on level 1 of the Dungeon.
             The game lasted 00:00:59 (882 turns).

solopath the Insei (Octopode Transmuter)             Turns: 882, Time: 00:00:59

Health: 23/23      AC:  1    Str:  9    XL:     3   Next: 25%
Magic:  6/6        EV: 13    Int: 16    God:    Trog [*.....]
Gold:   15         SH:  0    Dex: 12    Spells: 5/6 levels left

rFire    . . .     SeeInvis .     - Unarmed
rCold    . . .     Faith    .   (no shield)
rNeg     . . .     Spirit   .   (helmet restricted)
rPois    .         Reflect  .   (no amulet)
rElec    .         Harm     .   (no ring)
rCorr    .         Rampage  .   (no ring)
Will     .....                  (no ring)
Stlth    +++.......             (no ring)
HPRegen  0.07/turn              (no ring)
MPRegen  0.10/turn              (no ring)
                                (no ring)
                                (no ring)

@: no status effects
A: almost no armour, amphibious, 8 rings, camouflage 1, gelatinous body 1,
(nimble swimmer 1), tentacles
a: Renounce Religion, Berserk


You were on level 1 of the Dungeon.
You worshipped Trog.
Trog was aware of your devotion.
You visited 1 branch of the dungeon, and saw 1 of its levels.

You collected 15 gold pieces.

Inventory:

Magical Staves
 e - a staff of conjuration
Scrolls
 a - 2 scrolls of identify {unknown}
 b - a scroll of teleportation {unknown}
 c - a scroll of acquirement {unknown}
 d - a scroll of enchant armour {unknown}


   Skills:
 - Level 1.0 Fighting
 - Level 2.1 Dodging
 + Level 1.4 Stealth
 * Level 3.6 Unarmed Combat
 - Level 2.2 Spellcasting
 - Level 2.2 Transmutations


You had 5 spell levels left.
You knew the following spells:

 Your Spells              Type           Power      Damage    Failure   Level
a - Beastly Appendage     Tmut           18%        N/A       9%          1

Your spell library contained the following spells:

 Spells                   Type           Power      Damage    Failure   Level
 Wereblood                Tmut           9%         N/A       12%         2
 Spider Form              Tmut/Pois      2%         N/A       36%         3
 Ice Form                 Ice/Tmut       5%         N/A       77%         4


Dungeon Overview and Level Annotations

Branches:
Dungeon (1/15)

Altars:
Trog


Innate Abilities, Weirdness & Mutations

You cannot wear most types of armour.
You are amphibious.
You can wear up to eight rings at the same time.
Your skin changes colour to match your surroundings (Stealth+).
Your rubbery body absorbs attacks. (AC +1, EV +1)
((You are camouflaged near water. (Stealth+)))
You have tentacles for arms and can constrict up to eight enemies at once.


Message History

You open the door.
There is an open door here.
Found a curved jewelled staff.
A frilled lizard comes into view.
A frilled lizard is nearby!
The helpless frilled lizard fails to defend itself.
You tentacle-slap the frilled lizard.
You kill the frilled lizard!
No target in view!
No target in view!
No target in view!
No target in view!
No target in view!
No target in view!
You see here a staff of conjuration.
e - a staff of conjuration A goblin comes into view.
It is wielding a +0 dagger.
The goblin shouts!
You tentacle-slap the goblin.
You kill the goblin!
A goblin comes into view. It is wielding a +0 dagger.
Found 4 gold pieces.
Found a faded altar of an unknown god.
You tentacle-slap the goblin.
You kill the goblin!
No target in view!
No target in view!
No target in view!
No target in view!
Things that are here:
a +0 dagger; a goblin corpse
Things that are here:
a +0 dagger; a goblin corpse You now have 15 gold pieces (gained 4).
There is a faded altar of an unknown god here.
You cannot tell which god this altar belongs to.
Convert to them anyway?
Trog accepts your prayer! Trog welcomes you!
You can now go berserk at will.
Are you sure you want to abandon this character and quit the game? (Confirm with "yes".)

.# #..# ..#..#
#.#####.#
.#####..##>##.##
#.......#
........#..##.#
#####.###
....###.#.##..###
###
##.###..........##
##.##............##
##................#
##....)..........#
##......).....@.#
#..............#
#..............#
##............##
##..........##
############


There were no monsters in sight!

Vanquished Creatures
  A dart slug (D:1)
  3 ball pythons (D:1)
  6 endoplasms (D:1)
  A giant cockroach (D:1)
  4 goblins (D:1)
  2 hobgoblins (D:1)
  2 kobolds (D:1)
  A quokka (D:1)
  A frilled lizard (D:1)
  3 rats (D:1)
24 creatures vanquished.

Notes
Turn   | Place    | Note
-------+----------+-------------------------------------------
     0 | D:1      | solopath the Octopode Transmuter began the quest for the
                  | Orb.
     0 | D:1      | Reached XP level 1. HP: 13/13 MP: 3/3
   157 | D:1      | Reached XP level 2. HP: 15/18 MP: 5/5
   477 | D:1      | Reached skill level 1 in Stealth
   592 | D:1      | Reached XP level 3. HP: 21/23 MP: 6/6
   854 | D:1      | Found a faded altar of an unknown god.
   881 | D:1      | Became a worshipper of Trog the Wrathful
   881 | D:1      | Reached * piety under Trog
   882 | D:1      | Quit the game

Illustrated notes

Levels and vault maps discovered:
D:1:      heliophobic_arrival_battle_scene, layout_rooms,
          basic_ecumenical_altar, roderic_serpentine_path

Skill      XL: |  1  2 |
---------------+-------+-----
Stealth        | 1 |  1.4
Fighting       | |  1.0
Dodging        | |  2.1
Unarmed Combat | |  3.6
Spellcasting   | |  2.2
Transmutations | |  2.2

Action                   || total
-------------------------++-------
Melee: Unarmed           ||    59
       Tentacles         ||     7
       Constrict         ||     8
       Punch             ||     1
 Stab: Sleeping          ||     5
Armor: Skin              ||     4
Dodge: Dodged            ||    26
